 Dungeon Crawl Stone Soup version 0.31-a0-810-ga77100ea1a (webtiles) character file.

Game seed: 16590274111362190210

1338 lunkers the Destroyer (level 9, -3/62 HPs)
             Began as a Meteoran Earth Elementalist on Sept 21, 2023.
             Was a Follower of Vehumet.
             Slain by a yak (11 damage)
             ... on level 6 of the Dungeon.
             The game lasted 00:06:12 (2689 turns).

lunkers the Destroyer (Meteoran Earth Elementalist) Turns: 2689, Time: 00:06:13

Health: -3/62      AC:  6    Str: 10    XL:     9   Next: 15%
Magic:  4/18       EV: 12    Int: 20    God:    Vehumet [*.....]
Gold:   266        SH:  0    Dex: 16    Spells: 9/19 levels left

rFire   . . .        c - +1 dagger (speed)
rCold   . . .        (no shield)
rNeg    . . .        i - +3 leather armour of Gawit {+Blink rElec rPois Slay+2}
rPois   +            (no helmet)
rElec   +            (no cloak)
rCorr   .            (no gloves)
SInv    .            (no boots)
Will    +....        (no amulet)
Stlth   +            (no ring)
HPRegen 0.30/turn    (no ring)
MPRegen 0.16/turn

%: no passive effects
@: glowing
A: sense surroundings 2, otherworldly, glowing, explore regen
a: Renounce Religion, Evoke Blink


You were on level 6 of the Dungeon.
You worshipped Vehumet.
Vehumet was aware of your devotion.
You visited 2 branches of the dungeon, and saw 7 of its levels.

You collected 266 gold pieces.

Inventory:

Hand Weapons
 c - a +1 dagger of speed (weapon)
Missiles
 h - a throwing net
Armour
 a - a +1 robe
 i - the +3 leather armour of Gawit (worn) {+Blink rElec rPois Slay+2}
   (You found it on level 4 of the Dungeon)

   Slay+2:    It affects your accuracy & damage with ranged weapons and melee
   (+2).
   rElec:     It insulates you from electricity.
   rPois:     It protects you from poison +Blink: It lets you blink.
Scrolls
 j - a scroll of identify {unknown}
 n - a scroll of fear
Potions
 b - a potion of magic
 d - 3 potions of heal wounds {unknown}
 e - 3 potions of curing {unknown}
 f - 3 potions of degeneration {unknown}
 g - 2 potions of enlightenment {unknown}
 m - a potion of attraction {unknown}


   Skills:
 - Level 2.1 Dodging
 - Level 1.4 Stealth
 + Level 5.9 Spellcasting
 * Level 9.1 Conjurations
 - Level 1.2 Transmutations
 - Level 7.1 Earth Magic


You had 9 spell levels left.
You knew the following spells:

 Your Spells              Type           Power      Damage    Failure   Level
a - Stone Arrow           Conj/Erth      76%        3d11      1%          3
b - Passwall              Tmut/Erth      18%        N/A       4%          2
c - Sandblast             Erth           68%        2d15      1%          1
d - Brom's Barrelling Bo  Conj/Erth      38%        2d6       4%          4

Your spell library contained the following spells:

 Spells                   Type           Power      Damage    Failure   Level
 Freeze                   Ice            20%        1d4       14%         1
 Foxfire                  Conj/Fire      96%        2x1d8     2%          1
 Kiss of Death            Conj/Necr      96%        2d12      2%          1
 Dazzling Flash           Conj/Hex       48%        N/A       7%          3
 Petrify                  Tmut/Erth      22%        N/A       26%         4
 Confusing Touch          Hex            5%         N/A       41%         3
 Volatile Blastmotes      Fire/Tloc      10%        2d10      41%         3
 Dispel Undead            Necr           5%         3d7       82%         4
 Starburst                Conj/Fire      12%        6d5       98%         6
 Plasma Beam              Fire/Air       2%         2x1d12    100%        6
 Maxwell's Capacitive Co  Air            2%         ∞         100%        8


Dungeon Overview and Level Annotations

Branches:
Dungeon (6/15) Zot: 916    Temple (1/1) D:4 Zot: 533

Altars:
Ashenzari
Cheibriados
Dithmenos
Elyvilon
Fedhas
Gozag
Kikubaaqudgha
Makhleb
Okawaru
Ru
Sif Muna
Trog
Uskayaw
Vehumet
Wu Jian
Xom
Zin

Shops:
D:3 :


Innate Abilities, Weirdness & Mutations

You passively map the area around you.
You are easily found by Zot.
You glow in the dark.
You regain HP and MP as you explore.


Message History

Aiming: Sandblast (safe; 1% risk of failure)
Press: ? - help, Shift-Dir - straight line, f - yak
Aim: a yak (90% to hit)
The blast of sand hits the yak!
The yak is moderately wounded.
The yak misses you.
Unknown command.
Unknown command.
Casting: Sandblast (safe; 1% risk of failure)
Confirm with . or Enter, or press ? or * to list all spells.
Aiming: Sandblast (safe; 1% risk of failure)
Press: ? - help, Shift-Dir - straight line, f/p - yak
Aim: a yak (moderately wounded, 90% to hit)
The blast of sand hits the yak.
The yak is heavily wounded.
The yak gores you!
* * * LOW HITPOINT WARNING * * *
The yak gores you.
* * * LOW HITPOINT WARNING * * *
Casting: Sandblast (safe; 1% risk of failure)
Confirm with . or Enter, or press ? or * to list all spells.
Aiming: Sandblast (safe; 1% risk of failure)
Press: ? - help, Shift-Dir - straight line, f/p - yak
Aim: a yak (heavily wounded, 90% to hit)
The blast of sand hits the yak!
The yak is severely wounded.
The yak gores you!
* * * LOW HITPOINT WARNING * * *
Unknown command.
Casting: Sandblast (safe; 1% risk of failure)
Confirm with . or Enter, or press ? or * to list all spells.
Aiming: Sandblast (safe; 1% risk of failure)
Press: ? - help, Shift-Dir - straight line, f/p - yak
Aim: a yak (severely wounded, 90% to hit)
The blast of sand hits the yak!
You kill the yak!
Vehumet accepts your kill.
* * * LOW MAGIC WARNING * * *
The yak gores you!
You die...

#..................>.##########
##########.....................
#...........##.Y...###
##.#####...YY.Y.h##... #.#
#.##.#..##...?. #.#
#.##.#..#...... #.#
#.##.#..#..##..
#.#####.##.#.#..$# ..
,#.@YY......#.... .. *
#.###.##.#...... ._ #.
#.##.#.#..♣♣,.. #.* #.##.# # .♣
#. #.##.# * .. * **#.* #....# *
,. #. ###### #. , * , * * * , ,
*


You could see 2 yaks.

Vanquished Creatures
  2 yaks (D:6)
  A water moccasin (D:6)
  2 ice beasts
  An ogre (D:5)
  A black bear (D:6)
  3 scorpions
  2 howler monkeys
  3 hounds
  6 iguanas
  An orc wizard (D:4)
  A mummy (D:5)
  4 gnolls (D:4)
  4 adders
  A white imp (D:5)
  An ufetubus (D:5)
  2 worms (D:2)
  3 dart slugs
  11 orcs
  6 ball pythons
  8 endoplasms
  3 giant cockroaches
  5 goblins
  6 hobgoblins
  4 jackals (D:2)
  12 kobolds
  2 quokkas (D:2)
  3 bats
  4 frilled lizards (D:2)
  5 rats
107 creatures vanquished.

Notes
Turn   | Place    | Note
-------+----------+-------------------------------------------
     0 | D:1      | lunkers the Meteoran Earth Elementalist began the quest for
                  | the Orb.
     0 | D:1      | Reached XP level 1. HP: 14/14 MP: 5/5
    62 | D:1      | Reached XP level 2. HP: 20/20 MP: 0/6
   169 | D:1      | Reached XP level 3. HP: 26/26 MP: 6/8
   375 | D:2      | Reached XP level 4. HP: 33/33 MP: 5/10
   379 | D:2      | Reached skill level 5 in Earth Magic
   621 | D:2      | Found a faded altar of an unknown god.
  1078 | D:3      | Found Paboocir's Book Emporium.
  1105 | D:3      | Reached XP level 5. HP: 38/38 MP: 8/12
  1665 | D:3      | Glimpsed the power of Zot.
  1716 | D:4      | Reached XP level 6. HP: 32/45 MP: 7/13
  1728 | D:4      | Noticed an ice beast
  1735 | D:4      | Killed an ice beast
  1748 | D:4      | Found a staircase to the Ecumenical Temple.
  1761 | D:4      | Reached skill level 5 in Spellcasting
  1773 | Temple   | Entered the Ecumenical Temple
  1805 | Temple   | Became a worshipper of Vehumet
  1809 | Temple   | Learned a level 2 spell: Passwall
  1813 | Temple   | Learned a level 3 spell: Stone Arrow
  1985 | D:4      | Reached skill level 1 in Conjurations
  1985 | D:4      | Reached XP level 7. HP: 46/50 MP: 10/15
  1995 | D:4      | Reached skill level 2 in Conjurations
  2017 | D:4      | Identified the +3 leather armour of Gawit {+Blink rElec
                  | rPois Slay+2}
  2078 | D:4      | Reached skill level 3 in Conjurations
  2105 | D:5      | Entered Level 5 of the Dungeon
  2108 | D:5      | Reached * piety under Vehumet
  2108 | D:5      | Offered knowledge of Freeze by Vehumet.
  2109 | D:5      | Reached skill level 4 in Conjurations
  2112 | D:5      | Reached skill level 5 in Conjurations
  2150 | D:5      | Reached XP level 8. HP: 57/57 MP: 6/16
  2155 | D:5      | Reached skill level 6 in Conjurations
  2265 | D:5      | Found a snail-covered altar of Cheibriados.
  2485 | D:6      | Reached skill level 7 in Conjurations
  2498 | D:6      | Reached skill level 8 in Conjurations
  2503 | D:6      | Learned a level 4 spell: Brom's Barrelling Boulder
  2656 | D:6      | Found an ornate altar of the Wu Jian Council.
  2657 | D:6      | Noticed a yak
  2657 | D:6      | Noticed a yak
  2657 | D:6      | Noticed a yak
  2659 | D:6      | Noticed a yak
  2682 | D:6      | Gained mutation: You passively map the area around you.
                  | [Meteoran growth]
  2682 | D:6      | Reached XP level 9. HP: 42/62 MP: 8/18
  2685 | D:6      | Reached skill level 9 in Conjurations
  2689 | D:6      | Slain by a yak

Illustrated notes

Levels and vault maps discovered:
D:1:      evilmike_arrival_fibonacci_small, layout_basic,
          nicolae_figureground_sparkle
D:2:      minmay_chambers_of_twos, layout_loops_cross,
          shapermc_ecumenical_altar_mp_highgroup, grunt_decor_fettered,
          item_on_display_a
D:3:      layout_basic, serial_shops, shop
D:4:      layout_basic, minmay_temple_entry_nine_rooms, serial_shops, shop
D:5:      layout_cave_pools, slow_altar_1, serial_park_tiny_pond
D:6:      layout_basic, nicolae_wu_jian_wuxing_cycle, gammafunk_ghost_necromancy
Temple:   nicolae_temple_superstar

Skill      XL: |  1  2  3  4  5  6  7  8  9 |
---------------+----------------------------+-----
Earth Magic    | 4 5 6 7 |  7.1
Spellcasting   | 3 4 5 |  5.9
Conjurations   | 1 5 8 9 |  9.1
Dodging        | |  2.1
Stealth        | |  1.4
Transmutations | |  1.2

Action                     |  1- 3 |  4- 6 |  7- 9 || total
---------------------------+-------+-------+-------++-------
  Melee: Unarmed           |     9 |       |       ||     9
   Cast: Sandblast         |    30 |    64 |    29 ||   123
         Stone Arrow       |       |     3 |    34 ||    37
    Use: Scroll            |     1 |     5 |     3 ||     9
 Armour: Robe              |     5 |    11 |     8 ||    24
         Leather armour    |       |       |    25 ||    25
  Dodge: Dodged            |     5 |    11 |    25 ||    41

Table legend: (Time is in decaauts)
 A = Elapsed time spent in this place.
 B = Non-inter-level travel time spent in this place.
 C = Inter-level travel time spent in this place.
 D = Time resting spent in this place.
 E = Time spent auto-exploring this place.
 F = Levels seen in this place.
 G = Mean time per level.
                   A        B        C        D        E       F      G
               +--------+--------+--------+--------+--------+-----+--------+
         Total |   2748 |   2661 |     87 |      0 |   2081 |   7 |  392.6 |
       Dungeon |   2681 |   2625 |     56 |      0 |   2081 |   6 |  446.8 |
        Temple |     66 |     35 |     31 |      0 |      0 |   1 |   66.0 |
               +--------+--------+--------+--------+--------+-----+--------+

Top non-repeatable levels by time:
     D:3: 964 daAuts
     D:2: 522 daAuts
     D:6: 388 daAuts
     D:4: 363 daAuts
     D:1: 238 daAuts
     D:5: 203 daAuts
  Temple: 66 daAuts
